 Dungeon Crawl Stone Soup version 0.15.2 (webtiles) character file.

3475 hcnick the Firebug (level 10, -4/56 HPs)
             Began as an Octopode Fire Elementalist on Nov 6, 2014.
             Was a Believer of Vehumet.
             Slain by an orc warrior
             ... wielding a +0 glaive
              (24 damage)
             ... on Level 7 of the Dungeon.
             The game lasted 00:38:12 (10542 turns).

hcnick the Firebug (Octopode Fire Elementalist)    Turns: 10542, Time: 00:38:12

HP  -4/56        AC  1     Str  8      XL: 10   Next:  6%
MP   3/24        EV 16     Int 20      God: Vehumet [**....]
Gold 23          SH  0     Dex 13      Spells:  4 memorised, 13 levels left

rFire  + . .     SeeInvis .     G - staff of fire (curse)
rCold  . . .     Clarity  .     (no shield)
rNeg   + . .     rCorr    .     (helmet restricted)
rPois  .         rRot     .     m - amulet of warding
rElec  .         Spirit   .     (no ring)
SustAb .         Warding  +     (no ring)
rMut   .         Stasis   .     (no ring)
Gourm  .                        (no ring)
MR     .....                    (no ring)
                                (no ring)
                                (no ring)
                                (no ring)

@: not resistant to hostile enchantments, fairly stealthy
A: almost no armour, amphibious, 8 rings, constrict 8, camouflage 1, gelatinous
body 1
a: Renounce Religion


You were on level 7 of the Dungeon.
You worshipped Vehumet.
Vehumet was pleased with you.
You were not hungry.

You visited 1 branch of the dungeon, and saw 7 of its levels.
You also visited: Sewer.

You collected 331 gold pieces.
You spent 308 gold pieces at shops.

Inventory:

Hand weapons
 B - a +0 blowgun
Missiles
 e - 5 needles of sleeping
 D - 23 poisoned needles
Magical devices
 x - a wand of slowing (17)
 A - a wand of flame (9)
 E - a wand of frost (15)
 F - a wand of cold (8)
Comestibles
 c - 9 bread rations
 w - a beef jerky
 H - 4 fruits
 I - 2 chunks of ogre flesh
 K - a rotting chunk of worker ant flesh
Scrolls
 h - 9 scrolls of teleportation
 i - 3 scrolls of blinking {unknown}
 j - a scroll of vulnerability {unknown}
 k - 2 scrolls of enchant weapon
 n - 6 scrolls of remove curse
 p - a scroll of enchant armour
 q - 4 scrolls of immolation
 s - a scroll of fog {unknown}
 y - a scroll of random uselessness {unknown}
 J - a scroll of amnesia {unknown}
 M - a scroll of noise
 N - a scroll of summoning
 O - a scroll of fear
Jewellery
 m - an amulet of warding (around mantle)
Potions
 a - a potion of restore abilities
 d - 3 potions of curing
 f - a potion of degeneration {unknown}
 g - 4 potions of haste
 l - 2 potions of heal wounds
 o - a potion of beneficial mutation {unknown}
 r - 2 potions of confusion {unknown}
 t - a potion of magic {unknown}
 u - a potion of invisibility {unknown}
 v - 3 potions of flight
 z - a potion of lignification {unknown}
Books
 b - a book of Flames

   Spells                             Type                      Level
   *Flame Tongue                      Conjuration/Fire             1
   *Throw Flame                       Conjuration/Fire             2
   *Conjure Flame                     Conjuration/Fire             3
   *Inner Flame                       Hexes/Fire                   3
   Sticky Flame                       Conjuration/Fire             4
   Fireball                           Conjuration/Fire             5
 C - a book of Callings

   Spells                             Type                      Level
   Summon Small Mammal                Summoning                    1
   Call Imp                           Summoning                    2
   Call Canine Familiar               Summoning                    3
   Summon Guardian Golem              Hexes/Summoning              4
   Summon Lightning Spire             Summoning/Air                4
   Summon Ice Beast                   Ice/Summoning                4
Magical staves
 G - a cursed staff of fire (weapon)


   Skills:
 + Level 7.2 Dodging
 - Level 2.8 Stealth
 + Level 6.5 Spellcasting
 + Level 7.1 Conjurations
 + Level 7.8 Fire Magic


You had 13 spell levels left.
You knew the following spells:

 Your Spells              Type           Power        Failure   Level  Hunger
a - Flame Tongue          Conj/Fire      #####        1%          1    None
b - Throw Flame           Conj/Fire      ######       1%          2    None
c - Conjure Flame         Conj/Fire      ######..     1%          3    ##.....
d - Inner Flame           Hex/Fire       ####....     8%          3    ##.....


Dungeon Overview and Level Annotations

Branches:
Dungeon (7/15)             Temple (0/1) D:4

Altars:
Ashenzari
Cheibriados
Makhleb
Vehumet

Shops:
D:7 ?*:


Innate Abilities, Weirdness & Mutations

You cannot wear most types of armour.
You are amphibious.
You can wear up to eight rings at the same time.
You can use your tentacles to constrict many enemies at once.
Your skin changes colour to match your surroundings (Stealth).
Your rubbery body absorbs attacks (AC +1).


Message History

Aiming: Flame Tongue
Press: ? - help, Shift-Dir - straight line, f/p - orc wizard
Aim: an orc wizard, wielding a dagger and wearing a robe (severely wounded, fast, inner flame)
You feel a surge of power!
The flame tongue hits the orc wizard.
The orc wizard is almost dead.
The orc warrior hits you from afar with a glaive!
The orc wizard mumbles some strange words.
The orc wizard seems to speed up.
A crimson imp comes into view.
Casting: Flame Tongue
Confirm with . or Enter, or press ? or * to list all spells.
Aiming: Flame Tongue
Press: ? - help, Shift-Dir - straight line, f/p - orc wizard
Aim: an orc wizard, wielding a dagger and wearing a robe (almost dead, fast, inner flame)
You feel a surge of power!
The flame tongue hits the orc wizard.
The orc wizard is almost dead.
The orc wizard points at you and mumbles some strange words.
The magic dart hits you!
The orc warrior hits you from afar with a glaive!!
You die...

.. ... ###. ...5.. #.. .......
#.# #oo...# #####.######o....#
##.)..............# .......
#..####.####...o..+ ..........
#..##...).##.o....#...........
#..#...(...#.@....#.....(.....
#..#.......#......#...........
#......_..........#...........
#..#.......#......#...........
#..#.......#..#####...........
#..##.....##..# #.....).....
#..####.####..# ##.....###...
#......%......# #......+ #..#
#.............# #......###..#


You could see an orc warrior, 2 orc wizards, a crimson imp and 2 orcs.

Vanquished Creatures
  Pikel (D:7)
  A hill giant (D:7)
  Prince Ribbit (D:5)
  A troll (D:5)
  A steam dragon (D:7)
  Edmund (D:6)
  4 slaves
  2 phantoms
  An ice beast (D:6)
  4 ogres
  Sigmund (D:6)
  Blork the orc (D:6)
  3 giant frogs (D:6)
  A scorpion (D:7)
  3 goliath beetles
  A crimson imp (D:6)
  A hound (D:5)
  2 jellies
  A giant frog skeleton (D:4)
  3 orc priests
  4 worker ants
  13 gnolls
  13 adders
  3 giant mites
  2 shadow imps (D:5)
  10 worms
  6 giant geckos
  22 orcs
  2 ball pythons
  20 bats
  A bat zombie (D:5)
  3 giant cockroaches
  13 goblins
  14 hobgoblins
  4 oozes
  3 quokkas
  2 giant gecko skeletons (D:4)
  9 giant newts
  A hobgoblin skeleton (D:7)
  12 jackals
  11 kobolds
  A kobold zombie (D:5)
  An orc skeleton (D:7)
  14 rats
218 creatures vanquished.

Notes
Turn   | Place    | Note
--------------------------------------------------------------
     0 | D:1      | hcnick, the Octopode Fire Elementalist, began the quest for the Orb.
     0 | D:1      | Reached XP level 1. HP: 11/11 MP: 3/3
   402 | D:1      | Reached XP level 2. HP: 13/17 MP: 2/4
  1064 | D:1      | Learned a level 2 spell: Throw Flame
  1122 | D:2      | Reached XP level 3. HP: 21/21 MP: 0/6
  1850 | D:2      | Reached XP level 4. HP: 27/27 MP: 0/8
  2426 | D:2      | Found a snail-covered altar of Cheibriados.
  2673 | D:2      | Reached XP level 5. HP: 27/31 MP: 3/9
  2793 | D:3      | Found a glowing drain.
  2803 | D:3      | Reached skill level 4 in Fire Magic
  2819 | D:3      | HP: 1/31 [poisoned by an adder]
  3331 | Sewer    | Entered a sewer
  3428 | Sewer    | Learned a level 3 spell: Conjure Flame
  3432 | Sewer    | Learned a level 3 spell: Inner Flame
  3720 | Sewer    | Reached XP level 6. HP: 36/36 MP: 6/12
  4960 | D:4      | Found a radiant altar of Vehumet.
  4961 | D:4      | Found a burning altar of Makhleb.
  5007 | D:4      | Became a worshipper of Vehumet
  5427 | D:4      | Reached XP level 7. HP: 28/41 MP: 10/15
  6191 | D:4      | Found a staircase to the Ecumenical Temple.
  6536 | D:5      | Entered Level 5 of the Dungeon
  6884 | D:5      | Reached skill level 5 in Fire Magic
  6947 | D:5      | Noticed a troll
  6954 | D:5      | Killed a troll
  6954 | D:5      | Reached XP level 8. HP: 23/46 MP: 4/18
  6997 | D:5      | Acquired Vehumet's first power
  6997 | D:5      | Offered knowledge of Shock by Vehumet.
  7306 | D:5      | Reached skill level 5 in Dodging
  7846 | D:6      | Noticed Prince Ribbit
  8109 | D:6      | Noticed Edmund
  8237 | D:5      | Killed Prince Ribbit
  8237 | D:5      | Reached skill level 5 in Conjurations
  8237 | D:5      | Reached skill level 6 in Fire Magic
  8560 | D:6      | Noticed Sigmund
  8616 | D:6      | Killed Sigmund
  8616 | D:6      | Reached skill level 5 in Spellcasting
  8765 | D:6      | Noticed Blork the orc
  8773 | D:6      | Killed Blork the orc
  8810 | D:6      | Killed Edmund
  8810 | D:6      | Reached XP level 9. HP: 39/51 MP: 13/21
  9001 | D:6      | Offered knowledge of Searing Ray by Vehumet.
  9886 | D:7      | Noticed Pikel
  9892 | D:7      | Killed Pikel
  9892 | D:7      | Reached skill level 7 in Fire Magic
 10008 | D:7      | Found Siaheda's Book Shop.
 10120 | D:7      | Offered knowledge of Stone Arrow by Vehumet.
 10294 | D:7      | Found Enaisawe's Magic Scroll Shop.
 10296 | D:7      | Found Aneom's Assorted Antiques.
 10302 | D:7      | Bought a scroll of identify for 44 gold pieces
 10309 | D:7      | Bought a scroll of identify for 24 gold pieces
 10309 | D:7      | Bought a scroll of identify for 24 gold pieces
 10309 | D:7      | Bought a scroll of identify for 24 gold pieces
 10309 | D:7      | Bought a scroll of identify for 24 gold pieces
 10309 | D:7      | Bought a scroll of noise for 12 gold pieces
 10309 | D:7      | Bought a scroll of summoning for 114 gold pieces
 10311 | D:7      | Bought a scroll of fear for 42 gold pieces
 10393 | D:7      | Found a shattered altar of Ashenzari.
 10404 | D:7      | Noticed a hill giant
 10412 | D:7      | Killed a hill giant
 10512 | D:7      | Reached XP level 10. HP: 56/56 MP: 19/24
 10542 | D:7      | Slain by an orc warrior

Action                   |  1- 3 |  4- 6 |  7- 9 | 10-12 || total
-------------------------+-------+-------+-------+-------++-------
Melee: Unarmed           |    27 |    42 |     5 |       ||    74
       Halberd           |       |       |     6 |       ||     6
 Fire: Blowgun           |       |       |    30 |       ||    30
 Cast: Flame Tongue      |    49 |   148 |   247 |    10 ||   454
       Throw Flame       |     5 |    30 |    43 |     5 ||    83
       Conjure Flame     |       |     3 |    25 |       ||    28
       Inner Flame       |       |     1 |     2 |     1 ||     4
Evoke: Wand              |       |     1 |     3 |       ||     4
  Use: Scroll            |       |     3 |    11 |       ||    14
       Potion            |       |     1 |       |       ||     1
 Stab: Sleeping          |       |     2 |     4 |       ||     6
  Eat: Chunk             |     3 |    13 |    16 |     1 ||    33
       Beef jerky        |       |       |     1 |       ||     1
